 Dungeon Crawl Stone Soup version 0.28.0-49-g6dfe1f597d (webtiles) character file.

Game seed: 15963235532818066214

39 Zeld the Insei (level 3, -2/23 HPs)
             Began as an Octopode Transmuter on May 14, 2022.
             Slain by an adder (4 damage)
             ... on level 3 of the Dungeon.
             The game lasted 00:01:22 (2697 turns).

Zeld the Insei (Octopode Transmuter)                Turns: 2697, Time: 00:01:23

Health: -2/23      AC:  1    Str: 11    XL:     3   Next: 45%
Magic:  5/6        EV: 13    Int: 15    God:
Gold:   48         SH:  0    Dex: 12    Spells: 1/7 levels left

rFire   . . .      SeeInvis .     - Unarmed
rCold   . . .      Faith    .   (no shield)
rNeg    . . .      Spirit   .   (helmet currently unavailable)
rPois   .          Reflect  .   (no amulet)
rElec   .          Harm     .   (no ring)
rCorr   .          Rampage  .   (no ring)
Will    .....                   (no ring)
Stlth   ++........              (no ring)
HPRegen 0.07/turn               (no ring)
MPRegen 0.10/turn               (no ring)
                                (no ring)
                                (no ring)

@: lethally poisoned (-2 -> -5), appendages
A: tentacle spike 3, almost no armour, amphibious, 8 rings, camouflage 1,
gelatinous body 1, (nimble swimmer 1), tentacles
a: End Transformation


You were on level 3 of the Dungeon.
One of your tentacles had grown a beastly spike.
You visited 1 branch of the dungeon, and saw 3 of its levels.

You collected 48 gold pieces.

Inventory:

Wands
 g - a wand of flame (14)
Scrolls
 a - 2 scrolls of magic mapping {unknown}
 b - a scroll of teleportation {unknown}
 c - 4 scrolls of holy word {unknown}
 d - a scroll of fog {unknown}
 e - a scroll of enchant armour {unknown}
 i - a scroll of identify {unknown}
Potions
 f - a potion of attraction {unknown}
 h - a potion of heal wounds {unknown}


   Skills:
 - Level 1.0 Fighting
 + Level 2.3 Dodging
 - Level 3.0 Unarmed Combat
 * Level 2.6 Spellcasting
 * Level 2.6 Transmutations
 + Level 0.6 Ice Magic
 + Level 1.0 Poison Magic


You had one spell level left.
You knew the following spells:

 Your Spells              Type           Power      Damage    Failure   Level
a - Beastly Appendage     Tmut           18%        N/A       7%          1
b - Wereblood             Tmut           9%         N/A       11%         2
c - Spider Form           Tmut/Pois      7%         N/A       30%         3

Your spell library contained the following spells:

 Spells                   Type           Power      Damage    Failure   Level
 Ice Form                 Ice/Tmut       6%         N/A       71%         4


Dungeon Overview and Level Annotations

Branches:
Dungeon (3/15)

Altars:


Innate Abilities, Weirdness & Mutations

One of your tentacles has grown a beastly spike.
You cannot wear most types of armour.
You are amphibious.
You can wear up to eight rings at the same time.
Your skin changes colour to match your surroundings (Stealth+).
Your rubbery body absorbs attacks. (AC +1, EV +1)
((You are camouflaged when in or above water. (Stealth+)))
You have tentacles for arms and can constrict up to eight enemies at once.


Message History

The kobold throws a stone.
The stone hits you.
You tentacle-slap the kobold. Your grab misses the kobold.
Your squeeze misses the kobold.
The kobold is severely wounded.
The adder closely misses you.
The kobold hits you with a +0 short sword.
You barely miss the kobold. Your grab misses the kobold.
The kobold is severely wounded.
The adder bites you.
You are poisoned.
The adder poisons you!
The kobold hits you with a +0 short sword.
You barely miss the kobold. Your grab misses the kobold.
Your squeeze misses the kobold.
The kobold is severely wounded.
You feel sick. The adder closely misses you.
The kobold hits you but does no damage.
Your magical contamination has completely faded away.
You feel sick. The adder bites you.
You are more poisoned.
The adder poisons you!
You feel sick.
Casting: Beastly Appendage (safe; 7% risk of failure)
Confirm with . or Enter, or press ? or * to list all spells.
One of your tentacles grows a vicious spike.
You feel sick. The adder bites you.
* * * LOW HITPOINT WARNING * * *
You tentacle-slap the adder. You grab the adder.
The adder is heavily wounded.
You constrict the adder.
* * * LOW HITPOINT WARNING * * *
You feel sick. The adder misses you.
Unknown command.
You tentacle-slap the adder.
Your tentacle spike misses the adder.
You squeeze the adder, but do no damage.
The adder is severely wounded.
You constrict the adder.
* * * LOW HITPOINT WARNING * * *
You feel sick. The adder bites you.
You die...

... #....#
#.# #.####
#.# #.#
####.#####
#.#
#........#
#.#
#........#
#.#
#...K....#
#.#
####S#####
#.#
#@#######.#
#.........#
#.........#
#.........#
##.....(.##
#.......#
#########


You could see an adder and a kobold.

Vanquished Creatures
  An adder (D:2)
  A worm (D:2)
  A dart slug (D:2)
  An endoplasm (D:1)
  A giant cockroach (D:2)
  2 goblins (D:1)
  A hobgoblin (D:2)
  2 jackals (D:1)
  A quokka (D:1)
  A ball python (D:2)
  3 bats
  4 frilled lizards
  3 kobolds (D:2)
  6 rats
28 creatures vanquished.

Notes
Turn   | Place    | Note
-------+----------+-------------------------------------------
     0 | D:1      | Zeld the Octopode Transmuter began the quest for the Orb.
     0 | D:1      | Reached XP level 1. HP: 13/13 MP: 3/3
   355 | D:1      | Found a faded altar of an unknown god.
   742 | D:1      | Reached XP level 2. HP: 18/18 MP: 3/5
   746 | D:1      | Learned a level 2 spell: Wereblood
  2105 | D:2      | Reached XP level 3. HP: 23/23 MP: 4/6
  2113 | D:2      | Learned a level 3 spell: Spider Form
  2527 | D:2      | Reached skill level 1 in Poison Magic
  2697 | D:3      | Slain by an adder

Illustrated notes

Levels and vault maps discovered:
D:1:      dpeg_arrival_boxes_within_box, layout_loops_ring,
          hellmonk_ecumenical_altar_arch_garden, patterned_corridor
D:2:      layout_rooms, minmay_misc_feat_alley, bh_walls_and_bars
D:3:      layout_basic, serial_shops, shop, roderic_batcave

Skill      XL: |  1  2  3 |
---------------+----------+-----
Poison Magic   | 1 |  1.0
Fighting       | |  1.0
Dodging        | |  2.3
Unarmed Combat | |  3.0
Spellcasting   | |  2.6
Transmutations | |  2.6
Ice Magic      | |  0.6

Action                   || total
-------------------------++-------
Melee: Unarmed           ||    58
       Constrict         ||    20
       Kick              ||    15
       Tentacles         ||    13
       Punch             ||     1
 Cast: Beastly Appendage ||    25
 Stab: Sleeping          ||     4
Armor: Skin              ||     3
Dodge: Dodged            ||    31
